[Event "Titled Tuesday Blitz May 16 Early 2023"]
[White "HamedWafa4"]
[Black "Zherebukh, Yaroslav"]
[BlackFideId "14116804"]
[WhiteElo "2609"]
[BlackElo "2531"]
[Result "0-1"]
[Round "07"]
[TimeControl "180+2"]
[Date "2023.05.16"]
[WhiteClock "0:00:02"]
[BlackClock "0:00:25"]

1. e4 c6 2. d4 d5 3. e5 c5 4. Nf3 cxd4 5. Nxd4 e6 6. c4 Nc6 7. Nc3 Bc5 8. Nxc6 bxc6 9. cxd5 cxd5 10. Bb5+ Bd7 11. O-O Ne7 12. Qa4 Ng6 13. Bg5 Qxg5 14. Bxd7+ Ke7 15. Rac1 Qxe5 16. Nxd5+ Qxd5 17. Bc6 Qd4 18. Qb5 Bb6 19. Bxa8 Rxa8 20. Rc4 Qd5 21. Qb4+ Qd6 22. Qxd6+ Kxd6 23. Rd1+ Ke7 24. b4 Ne5 25. Re4 Nd7 26. a4 a5 27. bxa5 Rxa5 28. Rb1 Ra6 29. g3 Nf6 30. Reb4 Nd5 31. Rb5 Kd6 32. a5 Bc7 33. Rc1 g5 34. Ra1 g4 35. Kg2 h5 36. Ra4 f5 37. Ra3 Kc6 38. Rb1 Bd6 39. Rc1+ Bc5 40. Ra4 Kd6 41. Rb1 Nc3 0-1


[Site "https://www.chess.com"]

[Event "Titled Tuesday Blitz May 16 Early 2023"]
[White "Kvaloy, Aksel Bu"]
[Black "Sarana, Alexey"]
[WhiteFideId "1528815"]
[BlackFideId "24133795"]
[WhiteElo "2242"]
[BlackElo "2714"]
[Result "0-1"]
[Round "07"]
[TimeControl "180+2"]
[Date "2023.05.16"]
[WhiteClock "0:01:09"]
[BlackClock "0:00:47"]

1. e4 e5 2. Nf3 Nc6 3. Nc3 d6 4. d4 Bg4 5. dxe5 dxe5 6. Qxd8+ Rxd8 7. Bb5 f6 8. Nd5 Bd6 9. Be3 a6 10. Ba4 Ne7 11. O-O-O b5 12. Bb3 Na5 13. Nxe7 Kxe7 14. Bd5 c6 15. Bb6 cxd5 16. Bxa5 dxe4 17. Bxd8+ Rxd8 18. h3 Bxf3 19. gxf3 exf3 20. Rhg1 g5 21. h4 h6 22. hxg5 hxg5 23. Rg3 e4 24. Rgg1 Bf4+ 25. Kb1 Rxd1+ 26. Rxd1 g4 27. Re1 f5 28. c3 e3 29. Kc2 g3 30. fxg3 f2 0-1


[Site "https://www.chess.com"]

[Event "Titled Tuesday Blitz May 16 Early 2023"]
[White "Domingo Nunez, Ruben"]
[Black "Demchenko, Anton"]
[WhiteFideId "22245570"]
[BlackFideId "4160258"]
[WhiteElo "2404"]
[BlackElo "2545"]
[Result "0-1"]
[Round "07"]
[TimeControl "180+2"]
[Date "2023.05.16"]
[WhiteClock "0:00:01"]
[BlackClock "0:00:44"]

1. c4 e5 2. Nc3 Nc6 3. g3 Bc5 4. Bg2 d6 5. e3 a6 6. a3 Ba7 7. b4 h5 8. h4 Bg4 9. Qc2 Qd7 10. Bb2 Nf6 11. d3 O-O 12. Nge2 Rab8 13. f3 Be6 14. e4 b5 15. Nd5 bxc4 16. dxc4 a5 17. b5 Ne7 18. a4 c6 19. bxc6 Nxc6 20. Qd2 Bxd5 21. cxd5 Nb4 22. Bc3 Rfc8 23. Bh3 Qb7 24. Bxc8 Qxc8 25. Kf1 Qc5 26. Nc1 Rc8 27. Bb2 Qc4+ 28. Kg2 Nxe4 29. fxe4 Qxe4+ 30. Kh3 Rc2 31. Qd1 Qg2# 0-1


[Site "https://www.chess.com"]

[Event "Titled Tuesday Blitz May 16 Early 2023"]
[White "Florescu, Codrut-Constantin"]
[Black "Ter-Sahakyan, Samvel"]
[WhiteFideId "1202200"]
[BlackFideId "13302531"]
[WhiteElo "2191"]
[BlackElo "2545"]
[Result "1-0"]
[Round "07"]
[TimeControl "180+2"]
[Date "2023.05.16"]
[WhiteClock "0:00:34"]
[BlackClock "0:00:38"]

1. e4 c5 2. Nf3 e6 3. c3 d5 4. exd5 exd5 5. d4 Nf6 6. Bb5+ Bd7 7. Qe2+ Be7 8. dxc5 O-O 9. Bxd7 Nbxd7 10. O-O Nxc5 11. Bg5 Re8 12. Nbd2 Qb6 13. Rab1 Bf8 14. Qd1 Nfe4 15. Be3 Qg6 16. Nb3 Rad8 17. Nxc5 Nxc5 18. Bxc5 Bxc5 19. Qb3 Bb6 20. Rbe1 Qf5 21. Qb5 Re4 22. Rxe4 Qxe4 23. Re1 h6 24. Rxe4 dxe4 25. Ne1 g6 26. Qe2 Re8 27. Nc2 Re5 28. Nd4 Kg7 29. g3 h5 30. Kg2 Re7 31. Qe3 Re5 32. b4 Re7 33. a4 Bc7 34. Nb5 Bb8 35. Qc5 Re8 36. Nd6 Re6 37. Qd4+ Kg8 38. Nxe4 Be5 39. Qd8+ Kg7 40. Qd7 h4 41. gxh4 Bf4 42. Ng5 Bxg5 43. hxg5 b6 44. Qxa7 Re5 45. h4 1-0


[Site "https://www.chess.com"]

[Event "Titled Tuesday Blitz May 16 Early 2023"]
[White "Pap, Gyula"]
[Black "Colas, Joshua"]
[WhiteFideId "725323"]
[BlackFideId "2044447"]
[WhiteElo "2519"]
[BlackElo "2347"]
[Result "0-1"]
[Round "07"]
[TimeControl "180+2"]
[Date "2023.05.16"]
[WhiteClock "0:00:45"]
[BlackClock "0:01:55"]

1. Nf3 Nf6 2. g3 d5 3. Bg2 e6 4. O-O Be7 5. b3 O-O 6. Bb2 b6 7. c4 Bb7 8. cxd5 Nxd5 9. d4 Nd7 10. Re1 c5 11. e4 N5f6 12. Nc3 cxd4 13. Nxd4 Ne5 14. Re2 Bc5 15. Rd2 Qe7 16. a3 Rad8 17. h3 Rd7 18. Nc2 Rxd2 19. Qxd2 Rd8 20. Qe2 Nd3 21. Ne1 Bxf2+ 0-1


[Site "https://www.chess.com"]

[Event "Titled Tuesday Blitz May 16 Early 2023"]
[White "Tari, Aryan"]
[Black "Lewicki, Miroslaw"]
[WhiteFideId "1510045"]
[BlackFideId "1113380"]
[WhiteElo "2571"]
[BlackElo "2212"]
[Result "1-0"]
[Round "07"]
[TimeControl "180+2"]
[Date "2023.05.16"]
[WhiteClock "0:00:07"]
[BlackClock "0:00:00"]

1. d4 Nf6 2. Nf3 e6 3. g3 c5 4. c4 cxd4 5. Nxd4 Nc6 6. Bg2 Bc5 7. Nb3 Bb4+ 8. Bd2 O-O 9. O-O d5 10. cxd5 Nxd5 11. Bxb4 Ndxb4 12. Nc3 Qe7 13. Qc1 Bd7 14. a3 Na6 15. Qe3 Rac8 16. Rac1 b6 17. Nb5 Nab8 18. Rfd1 Na5 19. Rxc8 Rxc8 20. Nxa7 Rf8 21. Qxb6 Ba4 22. Qxa5 Bxb3 23. Rd2 h6 24. h4 e5 25. Nb5 Qc5 26. Qb4 Qc1+ 27. Kh2 Bc4 28. Nd6 Be6 29. Qc3 Qe1 30. Ne4 Nd7 31. Rc2 Qb1 32. Rc1 Qa2 33. b4 Qxe2 34. Rc2 Qd1 35. Nc5 Nf6 36. Bf3 Qf1 37. Qxe5 Bd5 38. Qe2 Bxf3 39. Qxf1 1-0


[Site "https://www.chess.com"]

[Event "Titled Tuesday Blitz May 16 Early 2023"]
[White "Vlassov, Nikolai"]
[Black "Petrosyan, Manuel"]
[WhiteFideId "4103360"]
[BlackFideId "13300857"]
[WhiteElo "2324"]
[BlackElo "2576"]
[Result "1/2-1/2"]
[Round "07"]
[TimeControl "180+2"]
[Date "2023.05.16"]
[WhiteClock "0:00:06"]
[BlackClock "0:00:04"]

1. e4 c5 2. c3 Nf6 3. e5 Nd5 4. d4 cxd4 5. cxd4 d6 6. Bc4 Nb6 7. Bb3 dxe5 8. Qh5 e6 9. dxe5 Nc6 10. Nc3 g6 11. Qg5 Qxg5 12. Bxg5 Be7 13. Bxe7 Kxe7 14. Nf3 Nd7 15. O-O-O b6 16. Rhe1 Bb7 17. Nb5 Nc5 18. Nd6 Ba6 19. Re3 h6 20. h4 Rhd8 21. Bc2 Rd7 22. a3 Nb7 23. Ba4 Nxd6 24. Bxc6 Rc8 25. exd6+ Rxd6 26. Rxd6 Kxd6 27. Ne5 f6 28. Nxg6 Rxc6+ 29. Kd2 e5 30. f4 exf4 31. Nxf4 Rc4 32. Re6+ Kd7 33. Rxf6 Bb7 34. g3 Be4 35. Rxh6 Rc2+ 36. Ke3 Bf5 37. b4 Rc3+ 38. Kd4 Rxg3 39. Ke5 Bb1 40. a4 Rb3 41. Nd5 Ra3 42. Rd6+ Kc8 43. Rc6+ Kb7 44. Rc7+ Kb8 45. Rc1 Bh7 46. h5 Rxa4 47. h6 Ra2 48. Nf6 Bd3 49. Rd1 Bg6 50. Rg1 Re2+ 51. Kd6 Bc2 52. Rg8+ Kb7 53. h7 Bxh7 54. Nxh7 Ka6 55. Rg5 Rb2 56. Rg4 Kb5 57. Nf6 Rxb4 58. Rg5+ Ka4 59. Nd5 Rd4 60. Ke5 Rd3 61. Rg7 Kb3 62. Rxa7 b5 63. Ke4 Rd2 64. Rb7 Re2+ 65. Kd3 Rh2 66. Rxb5+ Ka3 67. Nc3 Rd2+ 68. Kc4 Rd4+ 69. Kc5 Rc4+ 70. Kxc4 1/2-1/2


[Site "https://www.chess.com"]

[Event "Titled Tuesday Blitz May 16 Early 2023"]
[White "Mekhitarian, Krikor Sevag"]
[Black "Kamalidenova, Meruert"]
[WhiteFideId "2107660"]
[BlackFideId "13712802"]
[WhiteElo "2604"]
[BlackElo "2361"]
[Result "1-0"]
[Round "07"]
[TimeControl "180+2"]
[Date "2023.05.16"]
[WhiteClock "0:00:04"]
[BlackClock "0:00:10"]

1. Nf3 Nf6 2. c4 g6 3. Nc3 Bg7 4. e4 d6 5. d4 O-O 6. h3 e5 7. d5 Nh5 8. g3 Qe8 9. Be2 f5 10. exf5 gxf5 11. Nh4 Nf6 12. Qc2 Na6 13. Nxf5 Bxf5 14. Qxf5 Nxd5 15. Qc2 Nxc3 16. bxc3 Nc5 17. Be3 Qe6 18. Bxc5 dxc5 19. Qe4 Rad8 20. O-O Qxh3 21. Bg4 Qh6 22. Qxb7 e4 23. Qxe4 Bxc3 24. Rab1 Bd4 25. Kg2 Rde8 26. Qd5+ Kh8 27. Rbd1 Qg7 28. Bf3 Re5 29. Qc6 Ref5 30. Rd3 Qf7 31. Qe4 Re5 32. Qg4 Rg8 33. Qh4 Reg5 34. Rh1 R5g7 35. Qe4 Qf6 36. Rd2 Be5 37. Kf1 Rf8 38. Ke2 Bxg3 39. fxg3 Re7 40. Qxe7 Qxe7+ 41. Kf2 Qf6 42. Rd3 Qb2+ 43. Ke3 Re8+ 44. Be4 Qe5 45. Rh4 Qg5+ 46. Kf3 Rf8+ 47. Rf4 Rxf4+ 48. gxf4 Qf6 49. Rd7 Qc3+ 50. Kg4 Qxc4 51. Rxh7+ Kg8 52. Bf5 Qe2+ 53. Kg5 Qg2+ 54. Kf6 Qb2+ 55. Kg6 Qxa2 56. Re7 Kf8 57. Rxc7 Qg2+ 58. Kf6 Qb2+ 59. Kg6 Qd4 60. Rc6 Ke7 61. Re6+ Kd8 62. Re4 Qd6+ 63. Be6 c4 64. f5 c3 65. Rc4 Qg3+ 66. Kf7 Qd3 67. Rc8# 1-0


[Site "https://www.chess.com"]

[Event "Titled Tuesday Blitz May 16 Early 2023"]
[White "Manukyan, Sargis A."]
[Black "Pichot, Alan"]
[WhiteFideId "13303970"]
[BlackFideId "110973"]
[WhiteElo "2187"]
[BlackElo "2573"]
[Result "0-1"]
[Round "07"]
[TimeControl "180+2"]
[Date "2023.05.16"]
[WhiteClock "0:00:06"]
[BlackClock "0:00:51"]

1. d4 Nf6 2. c4 e6 3. Nc3 Bb4 4. a3 Bxc3+ 5. bxc3 O-O 6. e3 d5 7. cxd5 exd5 8. Bd3 c5 9. Ne2 b6 10. O-O Ba6 11. f3 Re8 12. Ra2 Qc8 13. g4 Bxd3 14. Qxd3 Qa6 15. Qd1 Nc6 16. Ng3 Qc4 17. Rg2 Qxc3 18. g5 Nd7 19. dxc5 Nxc5 20. Qxd5 Ne5 21. Qd4 Nxf3+ 22. Rxf3 Qxc1+ 23. Nf1 Rad8 24. Qf4 Rd7 25. h4 Nd3 26. Qa4 Rde7 27. h5 Ne1 28. Rxf7 Nxg2 29. Rxe7 Rxe7 30. Kxg2 Qb2+ 31. Kg1 Qe5 32. Qc4+ Qe6 33. Qf4 Rf7 34. Qb8+ Rf8 35. Qg3 Qf5 36. Nh2 Qb1+ 37. Kg2 Qb2+ 38. Kh3 Qf2 39. Qg4 Qxe3+ 40. Kg2 Rf2+ 41. Kh1 Qe1+ 42. Qg1 Qxg1+ 43. Kxg1 Rxh2 44. Kxh2 Kf7 45. Kg3 Ke6 46. Kf4 b5 47. g6 hxg6 48. h6 gxh6 0-1


[Site "https://www.chess.com"]

[Event "Titled Tuesday Blitz May 16 Early 2023"]
[White "Korchmar, Vasiliy"]
[Black "Shimanov, Aleksandr"]
[WhiteFideId "24131750"]
[BlackFideId "4198603"]
[WhiteElo "2370"]
[BlackElo "2631"]
[Result "0-1"]
[Round "07"]
[TimeControl "180+2"]
[Date "2023.05.16"]
[WhiteClock "0:00:00"]
[BlackClock "0:00:04"]

1. e4 e6 2. d4 d5 3. e5 c5 4. c3 Qa5 5. Nf3 Nc6 6. a3 Nxd4 7. Nxd4 cxd4 8. Qxd4 Ne7 9. Bd3 Nc6 10. Qe3 d4 11. Qg3 Nxe5 12. O-O Nxd3 13. Qxd3 dxc3 14. Nxc3 Be7 15. Qb5+ Qxb5 16. Nxb5 O-O 17. Rd1 b6 18. Bf4 f6 19. Nc7 Rb8 20. Nb5 Rb7 21. Nd6 Bxd6 22. Rxd6 Re8 23. Rad1 e5 24. Be3 Be6 25. h4 Kf7 26. Rc1 Ke7 27. Rdc6 Rd8 28. a4 Bd7 29. Rc7 Rdb8 30. a5 bxa5 31. Bxa7 Rxc7 32. Rxc7 Rxb2 33. Bc5+ Ke8 34. Ra7 Rb5 35. Ba3 Rd5 36. h5 a4 37. Ra8+ Kf7 38. Rf8+ Ke6 39. Rg8 Rd3 40. Bb4 Rb3 41. Bc5 Rc3 42. Bb4 Rc1+ 43. Kh2 Rc4 44. Ba3 Rg4 45. Ra8 Rh4+ 46. Kg3 Rxh5 47. Ra6+ Kf7 48. Ra7 Ke6 49. Ra6+ Kf7 50. Ra7 Rg5+ 51. Kh2 Ke6 52. Ra6+ Kf5 53. Ra7 Bb5 54. f3 Bf1 55. g4+ Ke6 0-1


[Site "https://www.chess.com"]

[Event "Titled Tuesday Blitz May 16 Early 2023"]
[White "Novik, Maxim"]
[Black "Rodshtein, Maxim"]
[WhiteFideId "4102924"]
[BlackFideId "2806851"]
[WhiteElo "2287"]
[BlackElo "2555"]
[Result "1-0"]
[Round "07"]
[TimeControl "180+2"]
[Date "2023.05.16"]
[WhiteClock "0:00:06"]
[BlackClock "0:00:00"]

1. d4 e6 2. c4 f5 3. g3 Nf6 4. Bg2 c6 5. Nh3 Be7 6. O-O O-O 7. Nf4 d5 8. Nd2 Bd6 9. Nd3 Nbd7 10. Qc2 Qe7 11. Nf3 b6 12. b3 Bb7 13. Bb2 Rac8 14. Rac1 Ne4 15. e3 g5 16. Rfd1 g4 17. Nfe5 Nxe5 18. dxe5 Bb8 19. Nf4 Ng5 20. Qe2 Nf7 21. Nd3 dxc4 22. bxc4 c5 23. h4 Bxg2 24. Kxg2 Qb7+ 25. Kg1 Qe4 26. Nf4 Bxe5 27. Rd7 Rfe8 28. Nh5 Kf8 29. Rcd1 Re7 30. Nf6 Bxf6 31. Bxf6 Rxd7 32. Rxd7 Qc6 33. Rxa7 e5 34. Be7+ Kg8 35. Qd3 e4 36. Qd5 Qxd5 37. cxd5 Ne5 38. d6 Nc6 39. Rb7 Nxe7 40. Rxe7 1-0


[Site "https://www.chess.com"]

[Event "Titled Tuesday Blitz May 16 Early 2023"]
[White "Sokolovsky, Yahli"]
[Black "hakanazeri2"]
[WhiteFideId "2820242"]
[WhiteElo "2389"]
[BlackElo "2615"]
[Result "1-0"]
[Round "07"]
[TimeControl "180+2"]
[Date "2023.05.16"]
[WhiteClock "0:02:27"]
[BlackClock "0:02:06"]

1. b3 Nf6 2. Bb2 d5 3. e3 c5 4. d4 Nc6 5. Nf3 Bg4 6. Be2 e6 7. Ne5 Bxe2 8. Qxe2 Qc7 9. O-O Nd7 10. f4 O-O-O 11. Nxf7 cxd4 1-0


[Site "https://www.chess.com"]

[Event "Titled Tuesday Blitz May 16 Early 2023"]
[White "Orlov, Georgi"]
[Black "Remizov, Yaroslav"]
[WhiteFideId "2011271"]
[BlackFideId "34134015"]
[WhiteElo "2623"]
[BlackElo "2400"]
[Result "1-0"]
[Round "07"]
[TimeControl "180+2"]
[Date "2023.05.16"]
[WhiteClock "0:00:02"]
[BlackClock "0:00:02"]

1. d4 d6 2. Nf3 Nd7 3. e4 Ngf6 4. Nc3 e5 5. g3 b5 6. dxe5 b4 7. exf6 bxc3 8. Qd5 Rb8 9. fxg7 Bxg7 10. b3 O-O 11. Bg5 Qe8 12. Bd3 Bb7 13. Qf5 Nc5 14. O-O-O Nxd3+ 15. cxd3 Bc8 16. Qf4 Qb5 17. Kc2 Be6 18. Rb1 Qc5 19. Bf6 Qxf2+ 20. Kxc3 Rb5 21. d4 c5 22. Bxg7 Rc8 23. d5 c4 24. bxc4 Rxb1 25. Rxb1 Qxa2 26. Nd2 Qa5+ 27. Kd4 Kxg7 28. dxe6 Rc7 29. Rb5 Qa1+ 30. Kd3 fxe6 31. Rg5+ Kh6 32. Qh4# 1-0


[Site "https://www.chess.com"]

[Event "Titled Tuesday Blitz May 16 Early 2023"]
[White "Boyer, Mahel"]
[Black "Iskusnyh, Sergei"]
[WhiteFideId "45102422"]
[BlackFideId "4120027"]
[WhiteElo "2439"]
[BlackElo "2492"]
[Result "1-0"]
[Round "07"]
[TimeControl "180+2"]
[Date "2023.05.16"]
[WhiteClock "0:00:03"]
[BlackClock "0:00:00"]

1. Nf3 d5 2. g3 Nf6 3. Bg2 c6 4. O-O Bf5 5. d3 e6 6. Nc3 h6 7. Qe1 Be7 8. e4 Bh7 9. Qe2 O-O 10. h3 c5 11. Ne5 Nc6 12. Nxc6 bxc6 13. b3 Re8 14. Bb2 Nd7 15. Na4 Nb6 16. Nc3 Rb8 17. Rad1 Bf8 18. Kh2 Qc8 19. Ba1 Qa6 20. f4 d4 21. Nb1 Qxa2 22. Nd2 Qxc2 23. Rc1 Qa2 24. Qd1 Qa6 25. Qc2 Qb5 26. Bb2 a5 27. Ra1 Ra8 28. Rfb1 Reb8 29. Ba3 Nd7 30. Nc4 Qb7 31. Rb2 Qc7 32. Bf3 Nb6 33. Bd1 Nxc4 34. Qxc4 Rb5 35. Rbb1 Rab8 36. Rc1 Be7 37. Ra2 Bd6 38. Rf2 Bg6 39. Kg2 Bh7 40. Ra1 Kh8 41. Rc1 e5 42. fxe5 Bxe5 43. Rxf7 Qd6 44. Bxc5 1-0


[Site "https://www.chess.com"]

[Event "Titled Tuesday Blitz May 16 Early 2023"]
[White "Fernandez Guillen, Ernesto J."]
[Black "Sebag, Marie"]
[WhiteFideId "3512428"]
[BlackFideId "617822"]
[WhiteElo "2429"]
[BlackElo "2431"]
[Result "1-0"]
[Round "07"]
[TimeControl "180+2"]
[Date "2023.05.16"]
[WhiteClock "0:00:05"]
[BlackClock "0:00:00"]

1. e4 e5 2. Nf3 Nc6 3. d4 exd4 4. Bc4 Nf6 5. O-O Nxe4 6. Re1 d5 7. Bxd5 Qxd5 8. Nc3 Qa5 9. Nxe4 Be6 10. Bd2 Qd5 11. Bg5 Be7 12. Bxe7 Nxe7 13. Qxd4 O-O 14. Nc5 Nf5 15. Qc3 Bc8 16. Rad1 Qc6 17. Ne5 Qf6 18. Qf3 Qg5 19. Ne4 Qe7 20. Qf4 Be6 21. Ng5 Rad8 22. Rxd8 Rxd8 23. h3 Qf6 24. Ng4 Qxb2 25. Nxe6 fxe6 26. Rxe6 Qxc2 27. Qg5 Rf8 28. Re5 Qd1+ 29. Kh2 Qd6 30. f4 Nd4 31. h4 Nc6 32. Rf5 Rxf5 33. Qxf5 Ne7 34. Qe4 c6 35. g3 h6 36. Ne5 Nd5 37. Qe2 Nf6 38. Qc2 Qe6 39. Qb2 Qe7 40. Kg2 Nd5 41. Qb3 a6 42. a4 Qc7 43. a5 Qxa5 44. Qxb7 Qd2+ 45. Kh3 Qe3 46. Qc8+ Kh7 47. Qf5+ Kg8 48. Qf7+ Kh7 49. h5 Qe1 50. Qf5+ Kg8 51. Qe6+ Kh7 52. Qg6+ Kg8 53. Qf7+ Kh7 54. Qg6+ Kg8 55. Kg4 Qd1+ 56. Kf5 Qc2+ 57. Ke6 Qxg6+ 58. hxg6 a5 59. Nxc6 a4 60. Kxd5 a3 61. Nb4 1-0


[Site "https://www.chess.com"]

[Event "Titled Tuesday Blitz May 16 Early 2023"]
[White "Makaraci, Tunahan"]
[Black "Hayrapetyan, Hovik"]
[WhiteFideId "6356559"]
[BlackFideId "13302639"]
[WhiteElo "2160"]
[BlackElo "2348"]
[Result "0-1"]
[Round "07"]
[TimeControl "180+2"]
[Date "2023.05.16"]
[WhiteClock "0:00:04"]
[BlackClock "0:00:30"]

1. e4 c5 2. c3 Nf6 3. e5 Nd5 4. Nf3 d6 5. d4 cxd4 6. cxd4 Nc6 7. Bc4 Nb6 8. Bb3 d5 9. Nh4 Bd7 10. O-O Rc8 11. Nc3 e6 12. g3 Be7 13. Ng2 h5 14. f4 Nxd4 15. Be3 Nf5 16. Bf2 Nc4 17. Qe2 Qa5 18. Rac1 Bc5 19. Bxc4 Bxf2+ 20. Qxf2 Rxc4 21. a3 O-O 22. Qe2 g6 23. Kh1 Rfc8 24. Na2 Bb5 25. Qf2 Rxc1 26. Rxc1 Rxc1+ 27. Nxc1 Qc7 28. Qd2 Qc4 29. Qe1 d4 30. h3 Qc2 31. g4 Bc6 32. Ne2 Qxe2 33. Qxe2 Ng3+ 0-1


[Site "https://www.chess.com"]

[Event "Titled Tuesday Blitz May 16 Early 2023"]
[White "wqws"]
[Black "Harsh Suresh"]
[BlackFideId "45018464"]
[WhiteElo "2608"]
[BlackElo "2209"]
[Result "1/2-1/2"]
[Round "07"]
[TimeControl "180+2"]
[Date "2023.05.16"]
[WhiteClock "0:00:08"]
[BlackClock "0:00:04"]

1. e4 c5 2. Nf3 g6 3. d4 cxd4 4. Nxd4 Nc6 5. c4 Nf6 6. Nc3 d6 7. Be3 Ng4 8. Qd2 Nxe3 9. Qxe3 Bg7 10. Nb3 a5 11. a4 O-O 12. Be2 Nb4 13. Qd2 Be6 14. O-O Rc8 15. Nd5 Bxd5 16. exd5 Qb6 17. Rad1 Rc7 18. Nd4 Bxd4 19. Qxd4 Qxd4 20. Rxd4 Na6 21. h4 Nc5 22. Re1 Nxa4 23. Ra1 Nc5 24. Bd1 b6 25. Bc2 Rd8 26. h5 e5 27. dxe6 Nxe6 28. Rg4 d5 29. hxg6 hxg6 30. cxd5 Rxd5 31. Bb3 Re5 32. f4 Re3 33. Bxe6 Rxe6 34. f5 Rf6 35. fxg6 Rxg6 36. Rxg6+ fxg6 37. b4 axb4 38. Ra6 Rc6 39. Ra4 b5 40. Rxb4 Rb6 41. Kf2 Kf7 42. Ke3 Ke6 43. Kd4 Kd6 44. Rb3 Rb8 45. Rg3 Rg8 46. Rg5 Kc6 47. g4 Kb6 48. Kc3 Ka5 49. Kb3 Rg7 50. Ka3 Re7 51. Rxg6 Re3+ 52. Kb2 Rg3 53. g5 Ka4 54. Rg8 Rg2+ 55. Kc3 b4+ 56. Kc4 Rg4+ 57. Kc5 Ka3 58. g6 b3 59. Ra8+ Kb2 60. Ra6 Kc2 61. Kd5 b2 62. Rc6+ Kb1 63. Rb6 Ka2 64. Ke5 Rg3 65. Rxb2+ Kxb2 66. Kf6 Kc3 67. g7 Kd4 68. Kf7 Ke5 69. g8=Q Rxg8 70. Kxg8 1/2-1/2


[Site "https://www.chess.com"]

[Event "Titled Tuesday Blitz May 16 Early 2023"]
[White "Santos Ruiz, Miguel"]
[Black "Nikologorskiy, Konstantin"]
[WhiteFideId "22291482"]
[BlackFideId "24111708"]
[WhiteElo "2499"]
[BlackElo "2273"]
[Result "1-0"]
[Round "07"]
[TimeControl "180+2"]
[Date "2023.05.16"]
[WhiteClock "0:00:45"]
[BlackClock "0:00:02"]

1. e4 c5 2. Nf3 d6 3. d4 cxd4 4. Nxd4 Nf6 5. Nc3 a6 6. a3 e5 7. Nf3 Be7 8. Bg5 O-O 9. Bxf6 Bxf6 10. Bc4 Be6 11. Qd3 Nc6 12. O-O Be7 13. Rad1 Rc8 14. Nd5 Bg4 15. c3 Kh8 16. h3 Bh5 17. Ba2 Bg6 18. Rfe1 f5 19. Nxe7 Qxe7 20. Qxd6 Qxd6 21. Rxd6 fxe4 22. Ng5 Rcd8 23. Red1 Rde8 24. Bd5 Rf6 25. Bxe4 Ref8 26. Bxg6 hxg6 27. Ne4 Rf4 28. f3 R8f7 29. Rxg6 Na5 30. Ng5 Rf8 31. Ne6 R8f6 32. Rd8+ Kh7 33. Rxg7+ Kh6 34. Rh8# 1-0


[Site "https://www.chess.com"]

[Event "Titled Tuesday Blitz May 16 Early 2023"]
[White "Manukyan, Sargis V."]
[Black "Tanenbaum, Zachary"]
[WhiteFideId "13303465"]
[BlackFideId "2060850"]
[WhiteElo "2236"]
[BlackElo "2175"]
[Result "1-0"]
[Round "07"]
[TimeControl "180+2"]
[Date "2023.05.16"]
[WhiteClock "0:00:36"]
[BlackClock "0:00:05"]

1. d4 d5 2. c4 dxc4 3. e3 e5 4. Bxc4 Nc6 5. Nf3 e4 6. Qb3 Bb4+ 7. Bd2 Bxd2+ 8. Nfxd2 Qe7 9. Nc3 Nf6 10. Nd5 Nxd5 11. Bxd5 O-O 12. Bxe4 Qg5 13. Rc1 Re8 14. Rc5 Qg4 15. Bxh7+ Kxh7 16. Qxf7 Re6 17. Nf3 Rg6 18. h3 Qxg2 19. Rh5+ Rh6 20. Ng5+ Qxg5 21. Rxg5 1-0


[Site "https://www.chess.com"]

[Event "Titled Tuesday Blitz May 16 Early 2023"]
[White "Badmatsyrenov, Oleg"]
[Black "Moksh Amit Doshi"]
[WhiteFideId "24115762"]
[BlackFideId "25064967"]
[WhiteElo "2396"]
[BlackElo "2297"]
[Result "1-0"]
[Round "07"]
[TimeControl "180+2"]
[Date "2023.05.16"]
[WhiteClock "0:01:57"]
[BlackClock "0:00:33"]

1. e4 e5 2. Nc3 Nf6 3. f4 d5 4. Qe2 d4 5. fxe5 dxc3 6. exf6 cxd2+ 7. Bxd2 Qxf6 8. O-O-O Nc6 9. Nf3 Bg4 10. Bc3 Qe6 11. Qb5 Bd6 12. Bc4 Qh6+ 13. Kb1 O-O 14. h3 Bxf3 15. gxf3 Rab8 16. Rdg1 a6 17. Bxg7 1-0


[Site "https://www.chess.com"]

[Event "Titled Tuesday Blitz May 16 Early 2023"]
[White "Dixit, Nikhil"]
[Black "carokannlover213"]
[WhiteFideId "5059534"]
[WhiteElo "2207"]
[BlackElo "2701"]
[Result "0-1"]
[Round "07"]
[TimeControl "180+2"]
[Date "2023.05.16"]
[WhiteClock "0:00:17"]
[BlackClock "0:00:11"]

1. e4 e5 2. Nf3 Nf6 3. Nc3 Bb4 4. Bd3 O-O 5. O-O d6 6. h3 Nc6 7. Bc4 Bxc3 8. dxc3 Nxe4 9. Bd5 Nc5 10. Ng5 h6 11. Nxf7 Rxf7 12. Bxf7+ Kxf7 13. f4 Kg8 14. f5 Qf6 15. g4 Qh4 16. Qd5+ Kh7 17. Kg2 Ne7 18. Qf7 Qf6 19. Qxf6 gxf6 20. Be3 Na4 21. Rab1 Bd7 22. Kg3 Nd5 23. Bd2 Nab6 24. b3 Ne7 25. c4 d5 26. cxd5 Nbxd5 27. c4 Nb6 28. h4 Rg8 29. Kf3 Bc6+ 30. Kg3 Be4 31. Rbe1 Bxf5 32. g5 hxg5 33. hxg5 Nd7 34. Rh1+ Kg7 35. Kf2 fxg5 36. Bxg5 Ng6 37. Reg1 Kf7 38. Rh7+ Rg7 39. Rxg7+ Kxg7 40. Be3 Kf7 41. Bxa7 b6 42. a4 Ne7 43. Ra1 Nc6 44. a5 Nxa5 45. c5 Nxb3 46. Re1 Nbxc5 47. Ke3 Ke6 48. Rf1 Nf6 49. Rh1 Nd5+ 50. Kd2 Ne4+ 51. Kd1 Nf2+ 52. Ke2 Nxh1 53. Bxb6 cxb6 54. Kf1 Nf2 55. Kg2 e4 56. Kh2 b5 57. Kg2 b4 58. Kf1 b3 59. Ke2 b2 60. Kd2 Nd3 61. Ke2 b1=Q 62. Kd2 Qc1+ 63. Ke2 Qe1# 0-1


[Site "https://www.chess.com"]

[Event "Titled Tuesday Blitz May 16 Early 2023"]
[White "Prohaszka, Peter"]
[Black "Gontcharov, Vladislav"]
[WhiteFideId "726265"]
[BlackFideId "4123492"]
[WhiteElo "2626"]
[BlackElo "2420"]
[Result "1-0"]
[Round "07"]
[TimeControl "180+2"]
[Date "2023.05.16"]
[WhiteClock "0:00:06"]
[BlackClock "0:00:00"]

1. d4 Nf6 2. c3 d5 3. Nf3 c6 4. Bf4 Bf5 5. Qb3 Qb6 6. e3 Nbd7 7. c4 dxc4 8. Bxc4 e6 9. Nc3 h6 10. O-O Qxb3 11. Bxb3 Bb4 12. a3 Bxc3 13. bxc3 Nd5 14. Rfc1 Nxf4 15. exf4 Ke7 16. Nd2 Nb6 17. Nf1 g5 18. Ne3 gxf4 19. Nxf5+ exf5 20. Re1+ Kf6 21. Kf1 Rae8 22. Rxe8 Rxe8 23. Re1 Re4 24. Rb1 h5 25. a4 Re7 26. a5 Nc8 27. Bc2 Nd6 28. Bd3 h4 29. f3 Re3 30. Rd1 b5 31. axb6 axb6 32. Kf2 c5 33. Be2 c4 34. Rc1 b5 35. Bf1 Re8 36. Ra1 Re3 37. Rc1 Ke6 38. g3 hxg3+ 39. hxg3 Kd5 40. gxf4 Re8 41. Ra1 Rh8 42. Ra7 Rb8 43. Rc7 b4 44. Rc5+ Ke6 45. cxb4 Rxb4 46. d5+ Kd7 47. Bh3 Rb2+ 48. Kg3 Rc2 49. Rc6 c3 50. Bf1 Rc1 51. Bd3 f6 52. Kf2 Ke7 53. Ke3 Kd7 54. Kd4 Rd1 55. Ke3 Rc1 56. Kd4 Rd1 57. Kxc3 Rc1+ 58. Kd4 Rxc6 59. dxc6+ Kxc6 60. Bb1 Kd7 61. Bd3 Ke7 62. Bf1 Ke6 63. Kc5 Ke7 64. Kc6 Nf7 65. Bc4 Nh6 66. Bd5 Kf8 67. Kd7 Kg7 68. Ke7 Kg6 69. Bc4 Kh5 70. Kxf6 Kh4 71. Bd5 Kh5 72. Be6 Kh4 73. Kg6 Kg3 74. Kxh6 Kxf4 75. Bd5 Ke5 76. Ba8 Kf6 77. Kh5 1-0


[Site "https://www.chess.com"]

[Event "Titled Tuesday Blitz May 16 Early 2023"]
[White "Mirzoev, Azer"]
[Black "Shevtchenko, Olesya"]
[WhiteFideId "13400304"]
[BlackFideId "24131890"]
[WhiteElo "2525"]
[BlackElo "2003"]
[Result "1-0"]
[Round "07"]
[TimeControl "180+2"]
[Date "2023.05.16"]
[WhiteClock "0:00:24"]
[BlackClock "0:00:01"]

1. c4 Nf6 2. Nc3 e6 3. e4 d5 4. cxd5 exd5 5. e5 Ne4 6. d3 Nxc3 7. bxc3 d4 8. c4 Nc6 9. Nf3 Bg4 10. Be2 Bb4+ 11. Bd2 a5 12. O-O O-O 13. Bf4 Bc3 14. Rb1 Rb8 15. h3 Bh5 16. Ng5 Bxe2 17. Qxe2 Qe7 18. Qh5 h6 19. Ne4 Rfe8 20. Rb5 Qe6 21. Bg3 Ne7 22. f4 Nf5 23. Bf2 c6 24. Rb6 Bb4 25. Rb1 Ne3 26. Qf3 Qd7 27. Bxe3 dxe3 28. Qxe3 Red8 29. Rb3 Qc7 30. c5 Rd5 31. d4 Qd7 32. Nd6 f6 33. Kh2 fxe5 34. fxe5 Rf8 35. a3 Bxc5 36. dxc5 Qe6 37. Rxb7 Rxe5 38. Qg3 Rg5 39. Qe3 Qd5 40. Rb2 h5 41. Qe4 Qxc5 42. Qe6+ Kh8 43. Ne4 Qe5+ 44. Qxe5 Rxe5 45. Nd6 Re3 46. Nf7+ Kg8 47. Ng5 Rxa3 48. Ra7 Re3 49. Rxa5 h4 50. Nf3 Re4 51. Rc5 Rf6 52. Rbc2 Ree6 53. R5c4 Kh7 54. Rxh4+ Kg8 55. Rhc4 Rd6 56. Ne5 Rf5 57. Nxc6 Re6 58. Nd4 1-0


[Site "https://www.chess.com"]